Map: Newkirk Precinct TE (Void)

Players

mroz - Winner!

  • Race: Terran Terran
  • League: Diamond
  • Spawn Location: 5:00

Musumeci

  • Race: Zerg Zerg
  • League: Diamond
  • Spawn Location: 7:00

VOD

Have the link to the VOD?

Description

Time

  • Played on: April 2, 2017, 3:28 p.m.
  • Length: 14:28
Show
View Real Time Build Order
Export as new Build Order

mroz Terran - Winner!

Build Orders: Reaper Expand, Hellion Banshee 

Get SALT Encoding   

  12  0:01  SCV  
  13  0:13  SCV  
  14  0:18  Supply Depot  
  14  0:25  SCV  
  15  0:40  SCV  
  15  0:42  Barracks  
  16  0:45  Refinery  
  16  0:52  SCV  
  17  1:04  SCV  
  18  1:16  SCV  
  19  1:29  Orbital Command, Reaper  
  20  1:46  Command Center  
  20  1:57  SCV  
  20  1:58  Supply Depot  
  21  2:01  Barracks Reactor  
  21  2:11  SCV  
  22  2:23  SCV  
  22  2:24  Factory  
  23  2:37  Marine x2  
  25  2:48  Bunker  
  25  3:08  SCV  
  25  3:16  Hellion  
  25  3:17  Starport, Hellion  
  29  3:20  Orbital Command  
  29  3:21  Supply Depot  
  28  3:30  Barracks Tech Lab  
  28  3:33  SCV  
  29  3:36  Refinery  
  29  3:39  Hellion x2  
  33  3:45  SCV, Supply Depot  
  35  3:48  SCV  
  35  3:57  SCV  
  35  4:02  Banshee  
  39  4:04  SCV  
  39  4:07  Hellion  
  39  4:09  SCV, Hellion  
  45  4:15  Armory  
  45  4:16  SCV  
  46  4:21  SCV  
  47  4:32  Bunker  
  47  4:37  Hellion x2  
  51  4:44  Banshee  
  54  4:57  SCV x2  
  54  4:58  Hellion x2  
  60  5:01  Engineering Bay  
  60  5:03  Supply Depot  
  45  5:27  Banshee  
  48  5:30  Hellion x2  
  48  5:31  SCV x2  
  54  5:39  Cloaking Field  
  51  5:43  SCV x2  
  53  5:55  SCV  
  52  5:58  SCV  
  52  6:00  Terran Vehicle Weapons Level 1  
  52  6:01  Command Center  
  51  6:07  SCV  
  51  6:10  Banshee  
  57  6:11  Hellion x2  
  57  6:16  Supply Depot  
  57  6:33  Hellion x2  
  57  6:34  Refinery  
  57  6:35  Refinery  
  57  6:36  Supply Depot  
  57  6:38  Supply Depot  
  59  6:52  Missile Turret  
  59  6:53  SCV x2, Banshee  
  64  7:06  SCV x2, Hellion x6  
  66  7:15  Factory  
  67  7:16  Factory  
  67  7:17  Factory  
  67  7:18  SCV x2  
  68  7:30  SCV  
  69  7:38  Banshee, Hellion x2  
  76  7:47  SCV x2  
  79  7:51  Planetary Fortress  
  78  7:59  SCV x2  
  80  8:09  Missile Turret  
  80  8:11  SCV, Missile Turret x2  
  80  8:12  SCV, Missile Turret  
  78  8:14  Missile Turret  
  78  8:16  Factory Tech Lab x3, Missile Turret  
  78  8:17  Missile Turret x2  
  73  8:23  SCV  
  73  8:24  SCV  
  69  8:35  SCV  
  70  8:52  Siege Tank  
  70  8:53  Hellion x2, Siege Tank x2  
  80  9:07  SCV x3  
  80  9:09  Refinery  
  83  9:11  Refinery  
  83  9:13  Command Center  
  83  9:15  Hellion, Command Center  
  85  9:19  Missile Turret  
  85  9:20  Missile Turret  
  85  9:21  Missile Turret  
  85  9:24  Siege Tank  
  85  9:25  Siege Tank x2  
  94  9:34  SCV x2  
  94  9:37  Sensor Tower  
  96  9:41  Hellion x2  
  96  9:43  Infernal Pre-Igniter  
  96  9:44  Missile Turret  
  100  9:47  Raven  
  102  9:53  Missile Turret  
  102  9:54  SCV x3  
  102  9:57  Siege Tank  
  108  10:06  SCV  
  109  10:08  Supply Depot  
  109  10:10  Supply Depot  
  109  10:12  Supply Depot  
  109  10:24  Thor x2, Hellion  
  109  10:27  Hellion  
  125  10:29  Orbital Command, SCV x2  
  125  10:32  Thor  
  133  10:36  Supply Depot  
  112  11:12  Raven  
  112  11:13  Thor, Siege Tank  
  112  11:14  Hellion x2  
  112  11:15  Siege Tank  
  130  11:30  Missile Turret  
  130  11:31  Sensor Tower  
  130  11:33  Missile Turret  
  130  11:35  Hellion x2  
  134  11:45  Thor  
  140  11:47  SCV, Siege Tank  
  140  11:48  SCV  
  142  12:05  Thor  
  142  12:06  Hellion x2  
  142  12:07  Raven  
  154  12:19  Siege Tank  
  157  12:23  Planetary Fortress  
  157  12:25  SCV x2  
  159  12:33  Terran Vehicle And Ship Armor Level 1, Starport, Factory  
  159  12:34  SCV  
  160  12:37  Starport  
  160  12:38  Missile Turret x3  
  160  12:39  Missile Turret  
  160  12:42  Missile Turret  
  160  12:43  SCV x2  
  162  12:58  Factory  
  162  12:59  Sensor Tower  
  162  13:05  Supply Depot x2  
  162  13:06  Supply Depot x2  
  162  13:09  Supply Depot  
  162  13:26  Raven, Siege Tank  
  169  13:27  Thor, Hellion, Siege Tank  
  169  13:28  Hellion x2  
  180  14:04  Hellion x3, Hellbat  
Show
View Real Time Build Order
Export as new Build Order

Musumeci Zerg 

Build Orders: Hatch First 

Get SALT Encoding   

  12  0:02  Drone  
  13  0:09  Drone  
  14  0:17  Drone, Extractor  
  15  0:42  Hatchery  
  14  0:47  Drone, Extractor  
  15  1:02  Spawning Pool  
  14  1:12  Drone, Extractor  
  14  1:13  Extractor  
  14  1:15  Drone  
  16  1:19  Overlord  
  16  1:38  Drone x2  
  18  1:45  Drone  
  19  1:48  Queen  
  21  1:54  Queen  
  21  1:57  Drone  
  21  2:01  Drone  
  25  2:05  Drone  
  26  2:10  Overlord  
  26  2:15  Drone  
  27  2:19  Drone  
  28  2:31  Queen  
  28  2:32  Queen  
  32  2:50  Drone  
  32  2:51  Drone x3  
  36  3:05  Extractor  
  35  3:11  Extractor  
  35  3:13  Drone x2, Extractor  
  35  3:14  Roach Warren  
  35  3:17  Hatchery  
  35  3:18  Overlord  
  34  3:43  Drone x10  
  44  4:05  Overlord x4  
  44  4:16  Evolution Chamber  
  43  4:17  Evolution Chamber  
  43  4:20  Evolution Chamber  
  41  4:27  Roach x5  
  51  4:34  Roach  
  51  4:35  Roach x2  
  57  4:39  Extractor  
  56  4:48  Roach x4  
  62  5:22  Drone x6  
  68  5:30  Lair  
  68  5:31  Spore Crawler  
  68  5:32  Spore Crawler  
  61  5:49  Drone  
  59  5:50  Drone x9  
  59  5:54  Spore Crawler  
  59  5:55  Spore Crawler  
  61  6:18  Hatchery  
  60  6:34  Drone x10  
  70  6:45  Drone x6  
  76  6:51  Extractor  
  75  7:04  Zerg Ground Armor Level 1, Zerg Missile Weapons Level 1  
  75  7:05  Glial Reconstitution  
  75  7:13  Spore Crawler  
  75  7:14  Spore Crawler  
  73  7:17  Spore Crawler  
  72  7:25  Queen  
  74  7:33  Drone  
  74  7:34  Drone x8  
  85  7:44  Roach x2  
  85  7:48  Overlord x2  
  85  7:49  Overlord  
  87  8:03  Spore Crawler  
  87  8:04  Spore Crawler  
  85  8:09  Queen  
  85  8:10  Queen  
  86  8:27  Overseer  
  79  8:45  Queen  
  79  9:01  Queen  
  83  9:07  Roach x9  
  83  9:08  Roach x2  
  103  9:40  Ravager x3  
  106  9:45  Hydralisk Den  
  106  9:46  Overlord x8  
  105  10:02  Roach, Spore Crawler  
  106  10:07  Ravager x4  
  106  10:08  Ravager x15  
  125  10:21  Drone x2  
  125  10:22  Drone, Extractor  
  125  10:23  Drone x3, Extractor  
  129  10:34  Hydralisk  
  129  10:35  Hydralisk x5  
  135  10:42  Hatchery  
  101  11:11  Roach x12  
  109  11:23  Overseer  
  103  11:26  Roach x9  
  121  11:38  Hydralisk  
  121  11:39  Hydralisk x3  
  129  11:50  Drone x4  
  129  11:51  Drone x2  
  108  12:11  Drone  
  108  12:12  Drone  
  108  12:13  Drone x2  
  112  12:18  Drone x3  
  115  12:24  Roach  
  115  12:25  Roach x5  
  115  12:26  Drone x4  
  131  12:42  Extractor  
  130  12:47  Nydus Network, Extractor  
  128  13:06  Drone x2  
  128  13:07  Drone  
  128  13:08  Drone x3  
  128  13:09  Drone x2  
  128  13:10  Drone x7  
  143  13:19  Roach  
  151  13:20  Roach x7  
  151  13:21  Overlord x7  
  157  13:34  Nydus Canal  
Tags
 
Add a new tag
Caveats
  • Supply blocks, unpowered buildings, or Contaminate may cause inaccurate times.
  • Supply counts are checked every 10 seconds.